 Dungeon Crawl Stone Soup version 0.28.0-1-gb440e238dd (webtiles) character file.

Game seed: 207107912641549251

15486 Cykl0x the Geomancer (level 12, -3/75 HPs)
             Began as a Gargoyle Earth Elementalist on Feb 22, 2022.
             Was an Elder of Vehumet.
             Killed from afar by a fire dragon (32 damage)
             ... with a blast of flame
             ... on level 11 of the Dungeon.
             The game lasted 00:32:07 (16116 turns).

Cykl0x the Geomancer (Gargoyle Earth Elementalist) Turns: 16116, Time: 00:32:08

Health: -3/75      AC: 22    Str: 16    XL:     12   Next: 27%
Magic:  10/25      EV: 10    Int: 17    God:    Vehumet [****..]
Gold:   795        SH:  7    Dex: 10    Spells: 19/30 levels left

rFire   . . .      SeeInvis .   u - +4 scimitar (freeze)
rCold   . . .      Faith    .   H - +0 kite shield
rNeg    + . .      Spirit   .   w - +0 acid dragon scales
rPois   ∞          Reflect  .   k - +2 helmet
rElec   +          Harm     .   p - +2 cloak
rCorr   +          Rampage  .   (no gloves)
Will    .....                   (no boots)
Stlth   +.........              h - amulet of the acrobat
HPRegen 0.22/turn               (no ring)
MPRegen 0.19/turn               (no ring)

@: no status effects
A: sickness immunity, AC +8, negative energy resistance 1, electricity
resistance, torment resistance 1, petrification resistance
a: Renounce Religion


You were on level 11 of the Dungeon.
You worshipped Vehumet.
Vehumet was greatly pleased with you.
You visited 2 branches of the dungeon, and saw 12 of its levels.

You collected 795 gold pieces.

Inventory:

Hand Weapons
 g - a +0 dagger of venom
 l - a +1 dagger of freezing
 u - a +4 scimitar of freezing (weapon)
 y - a +3 great sword
Missiles
 c - 335 stones
 I - 2 throwing nets
Armour
 k - a +2 helmet (worn)
 m - a +0 chain mail
 n - a +0 leather armour
 o - a +0 ring mail
 p - a +2 cloak (worn)
 w - +0 acid dragon scales (worn)
 H - a +0 kite shield (worn)
Jewellery
 h - an amulet of the acrobat (around neck)
 t - an amulet of guardian spirit
Wands
 x - a wand of flame (58)
 A - a wand of iceblast (15)
 D - a wand of acid (12)
 E - a wand of mindburst (7)
Scrolls
 b - 3 scrolls of immolation
 d - a scroll of fog
 i - a scroll of identify
 j - 3 scrolls of teleportation
 s - 2 scrolls of enchant armour
 v - 2 scrolls of magic mapping
 C - a scroll of amnesia
 J - 2 scrolls of blinking
Potions
 a - 3 potions of mutation
 e - 2 potions of curing
 f - 2 potions of attraction
 q - 2 potions of haste
 r - a potion of magic {unknown}
 z - 2 potions of ambrosia {unknown}
 B - a potion of berserk rage {unknown}
 F - a potion of brilliance {unknown}
 G - 2 potions of flight {unknown}
 K - a potion of invisibility {unknown}
 M - a potion of heal wounds


   Skills:
 * Level 8.3 Fighting
 - Level 1.0(2.8) Short Blades
 + Level 4.1(4.2) Long Blades
 + Level 5.0 Armour
 + Level 4.2 Dodging
 - Level 2.1 Stealth
 + Level 1.6 Shields
 + Level 9.8 Spellcasting
 + Level 9.0 Conjurations
 - Level 0.7 Transmutations
 + Level 11.3 Earth Magic


You had 19 spell levels left.
You knew the following spells:

 Your Spells              Type           Power      Damage    Failure   Level
a - Sandblast             Erth           94%        2d19      1%          1
b - Stone Arrow           Conj/Erth      86%        3d12      1%          3
c - Magic Dart            Conj           100%       1d8       1%          1
d - Passwall              Tmut/Erth      23%        N/A       4%          2
e - Fulminant Prism       Conj/Hex       11%        3d9       16%         4

Your spell library contained the following spells:

 Spells                   Type           Power      Damage    Failure   Level
 Inner Flame              Hex/Fire       8%         N/A       28%         3
 Searing Ray              Conj           78%        2d7       1%          2
 Petrify                  Tmut/Erth      28%        N/A       32%         4
 Irradiate                Conj/Tmut      12%        3d17      34%         5
 Olgreb's Toxic Radiance  Pois           8%         N/A       65%         4
 Borgnjor's Vile Clutch   Necr/Erth      13%        N/A       71%         5
 Ozocubu's Armour         Ice            8%         N/A       75%         3
 Tukima's Dance           Hex            8%         N/A       75%         3
 Yara's Violent Unravell  Hex/Tmut       4%         3d4       90%         5
 Cause Fear               Hex            4%         N/A       98%         4
 Passage of Golubria      Tloc           8%         N/A       98%         4
 Alistair's Intoxication  Tmut/Pois      6%         N/A       100%        5
 Blade Hands              Tmut           5%         N/A       100%        5
 Metabolic Englaciation   Hex/Ice        4%         N/A       100%        5
 Summon Forest            Summ/Tloc      4%         N/A       100%        5
 Eringya's Noxious Bog    Tmut/Pois      4%         N/A       100%        6
 Simulacrum               Ice/Necr       4%         N/A       100%        6
 Dragon Form              Tmut           5%         N/A       100%        7
 Ozocubu's Refrigeration  Ice            4%         4d5       100%        7
 Summon Hydra             Summ           4%         N/A       100%        7
 Discord                  Hex            4%         N/A       100%        8
 Ignition                 Fire           4%         3d4       100%        8


Dungeon Overview and Level Annotations

Branches:
Dungeon (11/15)            Temple (1/1) D:5            Lair (0/6) D:10
    Orc (0/2) D:11

Altars:
Ashenzari
Cheibriados
Dithmenos
Elyvilon
Fedhas
Gozag
Hepliaklqana
Kikubaaqudgha
Makhleb
Nemelex Xobeh
Okawaru
Qazlal
Ru
Sif Muna
Trog
Uskayaw
Vehumet
Wu Jian
Xom
Yredelemnul
Zin
The Shining One
Beogh

Shops:
D:5 :   D:7 :   D:9 [   D:11 [


Innate Abilities, Weirdness & Mutations

You are immune to sickness and miasma.
Your stone body is resilient. (AC +8)
You are immune to poison.
You resist negative energy. (rN+)
You are resistant to electric shocks. (rElec)
You are resistant to unholy torment.
You are immune to petrification.


Message History

The stone arrow hits the fire dragon!!
The fire dragon is lightly wounded.
The fire dragon breathes flames at you. The blast of flame hits you!!!
Ouch! That really hurt!
You are too injured to fight recklessly!
Unknown command.
You are too injured to fight recklessly!
You are too injured to fight recklessly!
Casting: Stone Arrow (safe; 1% risk of failure)
Confirm with . or Enter, or press ? or * to list all spells.
Aiming: Stone Arrow (safe; 1% risk of failure)
Press: ? - help, Shift-Dir - straight line, f/p - fire dragon
Aim: a fire dragon (lightly wounded, catching its breath, 82% to hit)
The stone arrow hits the fire dragon!!
The fire dragon is heavily wounded.
Casting: Stone Arrow (safe; 1% risk of failure)
Confirm with . or Enter, or press ? or * to list all spells.
Aiming: Stone Arrow (safe; 1% risk of failure)
Press: ? - help, Shift-Dir - straight line, f/p - fire dragon
Aim: a fire dragon (heavily wounded, catching its breath, 82% to hit)
The stone arrow hits the fire dragon!!
The fire dragon is severely wounded.
Casting: Stone Arrow (safe; 1% risk of failure)
Confirm with . or Enter, or press ? or * to list all spells.
Aiming: Stone Arrow (safe; 1% risk of failure)
Press: ? - help, Shift-Dir - straight line, f/p - fire dragon
Aim: a fire dragon (severely wounded, catching its breath, 82% to hit)
The stone arrow hits the fire dragon!
The fire dragon is severely wounded.
Casting: Stone Arrow (safe; 1% risk of failure)
Confirm with . or Enter, or press ? or * to list all spells.
Aiming: Stone Arrow (safe; 1% risk of failure)
Press: ? - help, Shift-Dir - straight line, f/p - fire dragon
Aim: a fire dragon (severely wounded, 82% to hit)
The stone arrow hits the fire dragon!
The fire dragon is almost dead.
The fire dragon breathes flames at you. The blast of flame hits you!!
You die...

. . ........# .
........# . ........#
. ........# .
........# . .......D#
. ........# .
.......@# # #######.#
#.# ################.#
.................#
.................###
.....................
..#########..≈≈≈≈≈≈≈≈≈
..# #..≈........≈


You could see a fire dragon (catching breath).

Vanquished Creatures
  A boulder beetle (D:11)
  Harold (D:9)
  3 two-headed ogres
  A deep elf pyromancer (D:8)
  Pikel (D:7)
  Joseph (D:9)
  The ghost of Mandevil the Nimble, a novice FeAK of Lugonu (D:8)
  An unseen horror (D:11)
  A gargoyle (D:8)
  A kobold demonologist (D:8)
  Maggie (D:7)
  3 trolls
  Grinder (D:6)
  A meliai zombie (D:10)
  4 shadows
  Sigmund (D:3)
  2 wyverns (D:10)
  3 basilisks (D:10)
  Grum (D:9)
  Menkaure (D:4)
  2 steam dragons (D:8)
  Edmund (D:4)
  A warg (D:8)
  3 water moccasins
  An acid dragon (D:10)
  A swamp drake (D:10)
  6 orc warriors
  3 ice beasts
  2 sky beasts
  2 necrophages
  4 black bears
  2 wolves (D:9)
  4 ogres
  5 centaurs
  A lemure (D:7)
  A kobold brigand (D:7)
  3 bullfrogs
  2 gnoll sergeants (D:9)
  A scorpion (D:5)
  26 killer bees
  7 howler monkeys
  11 wights
  3 centaur zombies
  4 hounds (D:5)
  2 jellies
  7 orc priests
  A centaur skeleton (D:4)
  A scorpion zombie (D:5)
  Terence (D:3)
  4 iguanas
  5 orc wizards
  3 killer bee zombies
  3 howler monkey zombies
  Robin (D:3)
  11 gnolls
  A howler monkey skeleton (D:6)
  7 adders
  A shadow imp (D:6)
  2 white imps
  34 orcs
  6 endoplasms
  5 giant cockroaches
  11 hobgoblins
  3 jackals (D:4)
  12 kobolds
  6 quokkas
  3 ball pythons
  4 bats
  A frilled lizard (D:1)
  11 goblins
  3 rats
275 creatures vanquished.

Vanquished Creatures (others)
  A kobold (D:7)
  2 fulminant prisms (D:10)
3 creatures vanquished.

Grand Total: 278 creatures vanquished

Notes
Turn   | Place    | Note
-------+----------+-------------------------------------------
     0 | D:1      | Cykl0x the Gargoyle Earth Elementalist began the quest for
                  | the Orb.
     0 | D:1      | Reached XP level 1. HP: 10/10 MP: 3/3
   132 | D:1      | Reached XP level 2. HP: 15/15 MP: 3/5
   135 | D:1      | Reached skill level 4 in Earth Magic
   771 | D:1      | You fall into a shaft and drop 1 floor!
   773 | D:2      | Reached skill level 1 in Conjurations
   818 | D:2      | Reached XP level 3. HP: 13/19 MP: 0/6
   822 | D:2      | Learned a level 3 spell: Stone Arrow
  1494 | D:2      | Found a faded altar of an unknown god.
  2023 | D:3      | Noticed Terence
  2030 | D:3      | Killed Terence
  2031 | D:3      | Reached XP level 4. HP: 24/24 MP: 0/8
  2393 | D:3      | Found a burning altar of Makhleb.
  2564 | D:3      | Noticed Robin
  2591 | D:3      | HP: 1/24 [goblin[Robin] (1)]
  2595 | D:3      | Killed Robin
  2883 | D:3      | Noticed Sigmund
  2924 | D:3      | Reached XP level 5. HP: 28/28 MP: 6/9
  2932 | D:3      | Killed Sigmund
  2933 | D:3      | Reached skill level 5 in Earth Magic
  2933 | D:3      | Reached XP level 6. HP: 22/33 MP: 1/11
  3610 | D:4      | Noticed a black bear
  3620 | D:4      | Killed a black bear
  3621 | D:4      | Reached skill level 1 in Fighting
  3621 | D:4      | Reached skill level 1 in Short Blades
  3832 | D:4      | Noticed Menkaure
  3837 | D:4      | Killed Menkaure
  3838 | D:4      | Reached skill level 6 in Earth Magic
  3838 | D:4      | Reached XP level 7. HP: 30/38 MP: 2/13
  4642 | D:4      | Learned a level 1 spell: Magic Dart
  4648 | D:4      | Noticed Edmund
  4652 | D:4      | Killed Edmund
  4653 | D:4      | Reached skill level 1 in Long Blades
  4929 | D:4      | Reached XP level 8. HP: 43/43 MP: 0/15
  5285 | D:4      | Found a hide-covered altar of Uskayaw.
  5432 | D:5      | Entered Level 5 of the Dungeon
  5566 | D:5      | Found Vejathry's Book Boutique.
  5589 | D:5      | Found a staircase to the Ecumenical Temple.
  5619 | Temple   | Entered the Ecumenical Temple
  5833 | Temple   | Became a worshipper of Vehumet
  5864 | D:5      | Reached skill level 5 in Spellcasting
  5864 | D:5      | Reached skill level 5 in Conjurations
  5988 | D:5      | Reached skill level 7 in Earth Magic
  6240 | D:5      | Reached skill level 1 in Armour
  6750 | D:5      | Reached XP level 9. HP: 32/49 MP: 1/17
  7174 | D:6      | Noticed Grinder
  7183 | D:6      | Killed Grinder
  7226 | D:6      | Reached skill level 8 in Earth Magic
  7763 | D:6      | Reached * piety under Vehumet
  7763 | D:6      | Offered knowledge of Freeze by Vehumet.
  8725 | D:6      | Found a blossoming altar of Fedhas.
  8820 | D:7      | Noticed Maggie
  8844 | D:7      | Killed Maggie
  9026 | D:7      | Reached XP level 10. HP: 58/58 MP: 11/20
  9083 | D:7      | Reached skill level 5 in Fighting
  9575 | D:7      | Found Xodesium's Book Shop.
  9689 | D:7      | Reached ** piety under Vehumet
  9689 | D:7      | Offered knowledge of Static Discharge by Vehumet.
  9964 | D:7      | Noticed Pikel
  9966 | D:7      | Killed Pikel
 10184 | D:7      | Found a stormy altar of Qazlal.
 10349 | D:8      | Learned a level 2 spell: Passwall
 10495 | D:8      | Identified the +0 kite shield of Asceticism {+Blink Dex+2}
 10690 | D:8      | Identified the +0 leather armour "Nuadd" {rN+ Dex+6}
 10699 | D:8      | Noticed a gargoyle
 10704 | D:8      | Noticed a two-headed ogre
 11294 | D:8      | Reached skill level 9 in Earth Magic
 11298 | D:8      | Killed a gargoyle
 11407 | D:8      | Offered knowledge of Poisonous Vapours by Vehumet.
 11500 | D:8      | Killed a two-headed ogre
 11501 | D:8      | Reached XP level 11. HP: 50/66 MP: 7/23
 11917 | D:8      | Found a runed translucent gate.
 11917 | D:8      | Identified the +0 chain mail of the Depths {Dex+3}
 11918 | D:8      | Found a runed translucent gate.
 11919 | D:8      | Found a runed translucent gate.
 11922 | D:8      | Noticed Mandevil's ghost (novice FeAK)
 11960 | D:8      | Noticed a deep elf pyromancer
 11970 | D:8      | Killed a deep elf pyromancer
 12332 | D:8      | Killed Mandevil's ghost
 12660 | D:8      | Reached *** piety under Vehumet
 12838 | D:9      | Noticed Grum
 12853 | D:9      | Killed Grum
 13125 | D:9      | Reached skill level 10 in Earth Magic
 13130 | D:9      | Learned a level 4 spell: Fulminant Prism
 13310 | D:9      | Noticed Harold
 13333 | D:9      | Killed Harold
 13349 | D:8      | Reached skill level 1 in Shields
 13704 | D:9      | Offered knowledge of Inner Flame by Vehumet.
 13751 | D:9      | Found Jevij's Antique Armour Shop.
 13829 | D:9      | Found a sparkling altar of Nemelex Xobeh.
 13829 | D:9      | Noticed Joseph
 13832 | D:9      | Killed Joseph
 13909 | D:10     | Entered Level 10 of the Dungeon
 14170 | D:10     | Noticed a two-headed ogre
 14174 | D:10     | Killed a two-headed ogre
 14175 | D:10     | Reached skill level 5 in Armour
 14406 | D:10     | Found a shadowy altar of Dithmenos.
 14633 | D:10     | Found a hazy altar of Hepliaklqana.
 14973 | D:10     | Found a staircase to the Lair.
 15103 | D:10     | Found a broken altar of Ashenzari.
 15169 | D:11     | Reached XP level 12. HP: 73/73 MP: 17/25
 15315 | D:11     | Reached **** piety under Vehumet
 15397 | D:11     | Noticed a boulder beetle
 15398 | D:11     | Reached skill level 11 in Earth Magic
 15413 | D:11     | Killed a boulder beetle
 15753 | D:11     | Noticed a two-headed ogre
 15756 | D:11     | Killed a two-headed ogre
 15915 | D:11     | Found a staircase to the Orcish Mines.
 16095 | D:11     | Found Jaejior's Armour Emporium.
 16110 | D:11     | Noticed a fire dragon
 16116 | D:11     | Killed from afar by a fire dragon

Illustrated notes

Levels and vault maps discovered:
D:1:      minmay_arrival_four_loops, layout_basic, moated_statue
D:2:      layout_basic, hellmonk_ecumenical_altar_inner_sanctum, minmay_tall_x
D:3:      layout_loops_corners, lemuel_coloured_pillars_altar, uniq_terence,
          uniq_sigmund, uniq_robin
D:4:      layout_loops_ring, mainiacjoe_overflow_surrounded_room, uniq_menkaure,
          uniq_edmund
D:5:      layout_basic, minmay_temple_entry_butterflies, serial_shops,
          nicolae_square_shop, minmay_misc_feat_chi, minmay_misc_feat_diagonals,
          minivault_11, kennysheep_pointless_box, st_stairs_1, minivault_23
D:6:      layout_basic, fedhas_altar_4, uniq_grinder
D:7:      layout_basic, nicolae_qazlal_scattered_showers, serial_shops, shop,
          uniq_maggie, uniq_pikel
D:8:      minmay_imperfect_grid, layout_rooms, biasface_ghost_orc_armoury,
          serial_glass, glass_columns_b, glass_columns_a, glass_columns_a,
          glass_columns_c, glass_columns_a, glass_columns_b, minivault_21
D:9:      layout_cave_pools, nemelex_diamond_rough_becter, serial_shops, shop,
          uniq_harold, uniq_joseph, uniq_grum
D:10:     layout_rooms, mainiacjoe_overflow_alcove_4, grunt_dithmenos_shadows,
          mainiacjoe_overflow_brackets, erik_lair_dragon
D:11:     layout_long_grid, orc_0_dummy, serial_shops,
          nicolae_inconvenience_store
Temple:   eino_temple_water

Skill      XL: |  1  2  3  4  5  6  7  8  9 10 11 12 |
---------------+-------------------------------------+-----
Earth Magic    | 4 5 6 7 8 9 10 11 | 11.3
Conjurations   | 1 2 3 4 6 7 8 9 |  9.0
Spellcasting   | 3 4 5 7 8 9 |  9.8
Dodging        | 2 3 4 |  4.2
Fighting       | 1 2 4 6 7 8 |  8.3
Short Blades   | 1 |  1.0
Long Blades    | 1 2 3 4 |  4.1
Armour         | 2 3 4 5 |  5.0
Shields        | 1 |  1.6
Stealth        | |  2.1
Transmutations | |  0.7

Action                   |  1- 3 |  4- 6 |  7- 9 | 10-12 || total
-------------------------+-------+-------+-------+-------++-------
Melee: Short sword       |    43 |    35 |       |       ||    78
       Punch             |     1 |     1 |     1 |       ||     3
       Falchion          |       |    20 |   103 |       ||   123
       Scimitar          |       |       |    17 |    56 ||    73
       Dagger            |       |       |       |     4 ||     4
 Cast: Sandblast         |    32 |    25 |    27 |    46 ||   130
       Stone Arrow       |    15 |    21 |    89 |   225 ||   350
       Magic Dart        |       |       |    72 |    44 ||   116
       Passwall          |       |       |       |     2 ||     2
       Fulminant Prism   |       |       |       |     2 ||     2
  Use: Scroll            |     5 |     3 |     1 |    12 ||    21
       Potion            |       |     2 |       |     2 ||     4
Armor: Robe              |    20 |    20 |    17 |       ||    57
       Ring mail         |       |       |    53 |       ||    53
       Acid dragon scale |       |       |       |   103 ||   103
Dodge: Dodged            |    41 |    59 |    78 |   179 ||   357
Block: Kite shield       |       |       |       |    17 ||    17
